 Dungeon Crawl Stone Soup version 0.18-a0-1197-g8004e50 (webtiles) character file.

53 Duffy the Ruffian (level 3, -1/28 HPs)
             Began as a Draconian Transmuter on Jan 30, 2016.
             Succumbed to a gnoll's poison
             ... on level 2 of the Dungeon.
             The game lasted 00:00:55 (1097 turns).

Duffy the Ruffian (Draconian Transmuter)            Turns: 1097, Time: 00:00:55

Health: -1/28      AC:  6    Str: 13    XL:     3   Next: 62%
Magic:  6/6        EV: 12    Int: 13    God:
Gold:   12         SH:  0    Dex: 11    Spells: 1 memorised, 5 levels left

rFire  . . .     SeeInvis .       - Unarmed
rCold  . . .     Gourm    .     (armour unavailable)
rNeg   . . .     Faith    .     (no shield)
rPois  .         Spirit   .     (helmet restricted)
rElec  .         Dismiss  .     (no cloak)
rCorr  .         Reflect  .     (no gloves)
SustAt .         Harm     .     e - +0 pair of boots
MR     .....                    (no amulet)
Stlth  +.........               (no ring)
                                (no ring)

@: lethally poisoned (-1 -> -20), not resistant to hostile enchantments, very
unstealthy
A: unfitting armour, cold-blooded, AC +5
a: no special abilities


You were on level 2 of the Dungeon.
You were not hungry.

You visited 1 branch of the dungeon, and saw 2 of its levels.

You collected 12 gold pieces.


Innate Abilities, Weirdness & Mutations

Your plain brown scales are hard (AC +5).
Your body does not fit into most forms of armour.
You are cold-blooded and may be slowed by cold attacks.


   Skills:
 - Level 1.1 Fighting
 - Level 1.7 Dodging
 + Level 4.6 Unarmed Combat
 - Level 2.0 Spellcasting
 - Level 2.0 Transmutations


You had 5 spell levels left.
You knew the following spells:

 Your Spells              Type           Power        Failure   Level  Hunger
a - Beastly Appendage     Trmt           #.....       12%         1    ##.....

Inventory:

Missiles
 a - 47 arrows
Armour
 e - a +0 pair of boots (worn)
Wands
 g - a wand of slowing (31/48)
Scrolls
 d - a scroll of amnesia {unknown}
 f - a scroll of remove curse {unknown}
Books
 b - a book of Changes
Comestibles
 c - a bread ration

Dungeon Overview and Level Annotations

Branches:
Dungeon (2/15)

Altars:


Message History

Things that are here:
a club; a gnoll corpse You hit the gnoll.
The gnoll is moderately wounded.
You feel sick. The gnoll barely misses you.
You barely miss the gnoll.
The gnoll is moderately wounded.
You feel sick. The gnoll hits you but does no damage.
The gnoll barely misses you.
You hit the gnoll.
The gnoll is almost dead.
You feel sick. The gnoll barely misses you.
The gnoll hits you with a spear of venom!
You are too injured to fight recklessly!
You are too injured to fight recklessly!
You are too injured to fight recklessly!
You are too injured to fight recklessly!
You are too injured to fight recklessly!
You are too injured to fight recklessly!
You are too injured to fight recklessly!
You are too injured to fight recklessly!
You are too injured to fight recklessly!
You are too injured to fight recklessly!
You are too injured to fight recklessly!
You are too injured to fight recklessly!
You are too injured to fight recklessly!
You are too injured to fight recklessly!
You are too injured to fight recklessly!
You are too injured to fight recklessly!
You are too injured to fight recklessly!
You feel sick.
The gnoll hits you from afar with a spear of venom.
You are more poisoned.
You feel sick.
You die...

#.# #.# #.# #.# #.# #.# #.#
#.# #.####.# #...##.#
###.##.# ##.##.#
..##########@..#.############
......g.gg...#...............
############....#############
##.#.# #.#.# #.#.# .#.# .#.


You could see 3 gnolls.

Action                   || total
-------------------------++-------
Melee: Unarmed           ||    83
  Eat: Chunk             ||     1

Notes
Turn   | Place    | Note
--------------------------------------------------------------
     0 | D:1      | Duffy the Draconian Transmuter began the quest for the Orb.
     0 | D:1      | Reached XP level 1. HP: 16/16 MP: 3/3
   191 | D:1      | Reached XP level 2. HP: 23/23 MP: 5/5
   713 | D:2      | Noticed Natasha
   726 | D:2      | Killed Natasha
   726 | D:2      | Reached skill level 4 in Unarmed Combat
   726 | D:2      | Reached XP level 3. HP: 4/28 MP: 6/6
  1097 | D:2      | Succumbed to a gnoll's poison

Vault maps used:
D:1:      dpeg_arrival_subterranean_lakeside_camping, monster_avoids_cloud
D:2:      first_bread, kennysheep_generic_room_13, uniq_iyjb, uniq_natasha

Vanquished Creatures
  Natasha
  A gnoll
  4 bats
  A giant cockroach
  2 goblins
  4 hobgoblins
  A quokka
  4 giant newts
  2 rats
20 creatures vanquished.
